 Dungeon Crawl Stone Soup version 0.18.1-50-g88ac8fd (webtiles) character file.

28252 HungrySpirit the Fencer (level 13, 0/101 HPs)
             Began as a Human Fighter on Sept 19, 2016.
             Was the Champion of Okawaru.
             Killed by divine providence
             ... invoked by an orc priest
             ... led by an orc warlord
              (14 damage)
             ... on level 1 of the Orcish Mines.
             The game lasted 00:27:33 (14903 turns).

HungrySpirit the Fencer (Human Fighter)            Turns: 14903, Time: 00:27:34

Health: 0/101      AC: 22    Str: 26    XL:     13   Next: 72%
Magic:  13/13      EV: 15    Int:  8    God:    Okawaru [******]
Gold:   880        SH:  0    Dex: 19    Spells: 0 memorised, 12 levels left

rFire  . . .     SeeInvis +     T - +2 demon blade (elec)
rCold  + . .     Gourm    .     i - quicksilver dragon armour
rNeg   + . .     Faith    .     (no shield)
rPois  .         Spirit   .     G - +2 helmet {SInv}
rElec  .         Dismiss  .     W - +2 cloak
rCorr  .         Reflect  .     g - +0 pair of gloves
SustAt .         Harm     .     K - +0 pair of boots
MR     +....                    (no amulet)
Stlth  ++........               R - ring of positive energy
                                H - ring of protection from cold

@: mighty, agile, somewhat resistant to hostile enchantments, unstealthy
A: no striking features
a: Heroism, Finesse, Renounce Religion


You were on level 1 of the Orcish Mines.
You worshipped Okawaru.
Okawaru was exalted by your worship.
You were not hungry.

You visited 3 branches of the dungeon, and saw 15 of its levels.
You visited the Abyss 1 time.

You collected 1006 gold pieces.
You spent 126 gold pieces at shops.

Inventory:

Hand Weapons
 q - a +2 long sword of flaming
 T - a +2 demon blade of electrocution (weapon)
Missiles
 A - 7 javelins (quivered)
Armour
 c - a +0 shield
 g - a +0 pair of gloves (worn)
 i - a quicksilver dragon armour (worn)
 y - a +0 plate armour
 z - the +0 pair of boots of the Sailor {rF+ MR- Str+3 Int+3}
   (Okawaru gifted it to you on level 1 of the Orcish Mines)

   It affects your strength (+3).
   It affects your intelligence (+3).
   It protects you from fire.
   It affects your resistance to hostile enchantments.
 G - a +2 helmet of see invisible (worn)
 K - a +0 pair of boots (worn)
 W - a +2 cloak (worn)
Jewellery
 B - an uncursed ring of sustain attributes
 H - a ring of protection from cold (left hand)
 N - an uncursed ring of wizardry
 R - a ring of positive energy (right hand)
Wands
 a - a wand of paralysis (7/24)
 b - a wand of enslavement (13/24)
 l - a wand of slowing (28/48)
 v - a wand of iceblast (3/15)
 J - a wand of random effects (15/48)
 L - a wand of flame (12/48)
 Q - a wand of acid (6/15)
Scrolls
 e - 4 scrolls of amnesia {unknown}
 h - 3 scrolls of blinking {unknown}
 k - 3 scrolls of identify
 m - 7 scrolls of teleportation
 n - a scroll of magic mapping
 s - 4 scrolls of remove curse
 u - 2 scrolls of fear {unknown}
 C - 2 scrolls of enchant armour {unknown}
 D - 4 scrolls of enchant weapon {unknown}
 M - 2 scrolls of immolation {unknown}
 V - a scroll of recharging
 X - a scroll of noise
Potions
 j - 2 potions of ambrosia
 o - 3 potions of flight
 r - 3 potions of lignification
 t - a potion of magic
 w - a potion of agility
 x - 3 potions of heal wounds
 F - a potion of berserk rage
 I - 6 potions of curing
 O - a potion of haste
 P - a potion of mutation
 S - 2 potions of brilliance
Comestibles
 f - 6 bread rations
 p - 4 meat rations
 E - 2 beef jerkies
 U - 3 fruits
 Y - 2 chunks of flesh


   Skills:
 + Level 9.2 Fighting
 + Level 17.3 Long Blades
 + Level 9.0 Armour
 + Level 6.7 Shields


You had 12 spell levels left.
You didn't know any spells.

Dungeon Overview and Level Annotations

Branches:
Dungeon (13/15)            Temple (1/1) D:5            Lair (0/8) D:11
    Orc (1/2) D:11
 Vaults: D:13-14

Altars:
Cheibriados
Dithmenos
Elyvilon
Fedhas
Gozag
Kikubaaqudgha
Makhleb
Nemelex Xobeh
Okawaru
Pakellas
Qazlal
Ru
Sif Muna
Trog
Vehumet
Xom
Yredelemnul
Zin
The Shining One
Beogh

Shops:
D:8 [   D:10 !   D:11 !([(

Annotations:
D:8 exclusion: oklob plant
D:13 loralnil's ghost, journeyman MiFi


Message History

The orc warlord is almost dead.
The orc warrior shouts!
The orc warlord hits you with a long sword.
* * * LOW HITPOINT WARNING * * *
An orc warrior comes into view. It is wielding a halberd.
Unknown command.
You barely miss the orc warlord.
The orc warlord is almost dead.
The warg closely misses you.
An orc priest comes into view. It is wielding a dagger.
Unknown command.
The orc warrior shouts! x2; The orc shouts!
You slice the orc warlord!!
You kill the orc warlord!
Okawaru is honoured by your kill.
Your Armour skill increases to level 9!
The warg barely misses you.
The orc priest calls down the wrath of Beogh upon you.
Beogh smites you!
You die...

)#)....##.##...#.##
)........###..#...# #........
.[).....).#......# #........
.[.)#...)o)......####........
...(.#...)o.......#.#........
....##.....)Oo_..............
..........o.oo...............
........#.oo.....#...........
......#####..oo)@....÷.......
....#### ###..h.#..#........
..#.##.## ##........†......##
........###.#....))........#
..#.....##.......()........#.
.......####................'.
).....## #...(.............'.
.).....# ##.......÷)÷).....'.
.#)...## #....)..)).)......#.


You could see a warg, 4 orc warriors, an ogre, 2 orc priests and 4 orcs.

Vanquished Creatures
  An orc warlord (Orc:1)
  A centaur warrior (D:13)
  Urug (Orc:1)
  The ghost of UnlimitedFusion the Fighter, a novice GrFi of Okawaru (D:9)
  3 skeletal warriors (D:11)
  Pikel (D:6)
  An orc knight (Orc:1)
  A deep elf mage (D:13)
  8 hill giants
  3 cyclopes
  Joseph (D:7)
  2 centaur zombies
  Psyche (D:9)
  A kobold demonologist (D:12)
  A komodo dragon (D:11)
  3 two-headed ogres
  4 trolls
  3 slime creatures (D:12)
  A shadow (D:11)
  14 yaks
  A wyvern (D:8)
  A hungry ghost (D:7)
  A steam dragon (D:11)
  2 hippogriffs
  5 wargs (Orc:1)
  A soldier ant (D:11)
  A water moccasin (D:12)
  16 orc warriors
  A black bear (D:12)
  3 ice beasts
  2 slaves (D:6)
  2 sky beasts
  3 eyes of draining
  9 ogres
  2 centaurs
  A phantom (D:11)
  2 wolves (Orc:1)
  A crocodile (D:11)
  2 big kobolds
  13 giant frogs
  A gnoll sergeant (D:11)
  A wyvern zombie (D:10)
  A water moccasin zombie (D:7)
  8 scorpions
  9 killer bees
  5 wights
  2 howler monkeys
  4 crimson imps
  A jelly (D:13)
  A quasit (D:11)
  A giant frog zombie (D:6)
  7 orc priests
  6 hounds
  A giant frog skeleton (D:4)
  2 iguanas
  Natasha (thrice) (D:2)
  Terence (D:3)
  5 worker ants
  12 orc wizards
  2 howler monkey zombies
  A worker ant zombie (D:10)
  7 gnolls
  5 adders
  3 shadow imps
  2 adder zombies
  4 worms
  A dart slug (D:1)
  6 giant geckos
  51 orcs
  A ball python (D:4)
  3 giant cockroaches (D:1)
  6 goblins
  5 hobgoblins
  14 jackals
  5 quokkas
  6 bats
  A giant gecko zombie (D:5)
  3 giant newts
  16 kobolds
  18 rats
  A spectral orc (D:6)
353 creatures vanquished.

Vanquished Creatures (others)
  An adder (D:6)
  A plant (D:11)
2 creatures vanquished.

Grand Total: 355 creatures vanquished

Notes
Turn   | Place    | Note
--------------------------------------------------------------
     0 | D:1      | HungrySpirit the Human Fighter began the quest for the Orb.
     0 | D:1      | Reached XP level 1. HP: 18/18 MP: 1/1
   105 | D:1      | Reached XP level 2. HP: 24/24 MP: 2/2
   202 | D:1      | Reached skill level 3 in Long Blades
   461 | D:1      | Reached XP level 3. HP: 25/29 MP: 3/3
  1336 | D:2      | Reached skill level 4 in Long Blades
  1336 | D:2      | Reached XP level 4. HP: 30/35 MP: 4/4
  1506 | D:2      | Noticed Natasha
  1553 | D:2      | Killed Natasha
  1876 | D:2      | Noticed Natasha
  1882 | D:2      | Killed Natasha
  1882 | D:2      | Reached skill level 5 in Long Blades
  1882 | D:2      | Reached XP level 5. HP: 41/41 MP: 5/5
  2111 | D:2      | Noticed Natasha
  2121 | D:2      | Killed Natasha
  2385 | D:3      | Noticed Terence
  2410 | D:3      | Killed Terence
  2534 | D:3      | Reached XP level 6. HP: 47/47 MP: 6/6
  2777 | D:4      | Noticed an ogre
  2784 | D:4      | Killed an ogre
  2784 | D:4      | Reached skill level 6 in Long Blades
  2948 | D:4      | Reached skill level 7 in Long Blades
  2948 | D:4      | Reached XP level 7. HP: 39/52 MP: 7/7
  3288 | D:4      | Found a shimmering altar of Xom.
  3290 | D:4      | Found a shimmering altar of Xom.
  3290 | D:4      | Found a shimmering altar of Xom.
  3298 | D:4      | Found a shimmering altar of Xom.
  3299 | D:4      | Found a shimmering altar of Xom.
  3446 | D:4      | Reached skill level 8 in Long Blades
  3500 | D:5      | Entered Level 5 of the Dungeon
  3894 | D:5      | Found a staircase to the Ecumenical Temple.
  3908 | Temple   | Entered the Ecumenical Temple
  3989 | Temple   | Became a worshipper of Warmaster Okawaru
  4038 | D:5      | Reached XP level 8. HP: 57/58 MP: 8/8
  4071 | D:5      | Found a sacrificial altar of Ru.
  4071 | D:5      | Found an opulent altar of Gozag.
  4417 | D:6      | Reached skill level 9 in Long Blades
  4580 | D:6      | Reached * piety under Okawaru
  4750 | D:6      | Noticed Pikel
  4757 | D:6      | Killed Pikel
  4757 | D:6      | Reached ** piety under Okawaru
  4757 | D:6      | Reached skill level 11 in Long Blades
  4757 | D:6      | Reached XP level 9. HP: 63/63 MP: 9/9
  4903 | D:6      | Found a basalt altar of Yredelemnul.
  5183 | D:7      | Found an ancient bone altar of Kikubaaqudgha.
  5184 | D:7      | Found a blossoming altar of Fedhas.
  5611 | D:6      | Reached skill level 12 in Long Blades
  5983 | D:7      | Noticed Joseph
  6007 | D:7      | Killed Joseph
  6007 | D:7      | Reached *** piety under Okawaru
  6056 | D:7      | Reached XP level 10. HP: 27/71 MP: 10/10
  6455 | D:7      | Found a sparkling altar of Nemelex Xobeh.
  6969 | D:7      | Reached skill level 15 in Long Blades
  6969 | D:7      | Reached XP level 11. HP: 77/77 MP: 11/11
  7135 | D:8      | Found Lilisuj's Antique Armour Boutique.
  7444 | D:8      | Found a burning altar of Makhleb.
  7818 | D:8      | Noticed an oklob plant
  7894 | D:9      | Noticed UnlimitedFusion's ghost (novice GrFi)
  7939 | D:9      | Killed UnlimitedFusion's ghost
  7939 | D:9      | Reached skill level 5 in Fighting
  7939 | D:9      | Reached skill level 5 in Armour
  8211 | D:9      | Noticed Psyche
  8367 | D:9      | Cast into level 2 of the Abyss (Psyche)
  8401 | Abyss:2  | Noticed a spatial maelstrom
  8414 | D:9      | Escaped the Abyss
  8424 | D:9      | Killed Psyche
  8437 | D:9      | Reached skill level 16 in Long Blades
  8444 | D:9      | Reached **** piety under Okawaru
  8632 | D:9      | Found a bloodstained altar of Trog.
  9603 | D:10     | Entered Level 10 of the Dungeon
  9786 | D:10     | Found Poekh's Distillery.
  9909 | D:10     | Bought a potion of brilliance for 56 gold pieces
  9909 | D:10     | Bought a potion of heal wounds for 70 gold pieces
 10727 | D:11     | Reached ***** piety under Okawaru
 10737 | D:11     | Reached XP level 12. HP: 84/89 MP: 12/12
 10769 | D:11     | Found a staircase to the Lair.
 10943 | D:11     | Found a staircase to the Orcish Mines.
 10951 | D:11     | Found Narhouq's Armour Boutique.
 11374 | D:11     | Found Ruuney's Distillery.
 11527 | D:11     | Found Afeech's Antique Weapon Boutique.
 11889 | D:11     | Noticed a skeletal warrior
 11889 | D:11     | Noticed a skeletal warrior
 11918 | D:11     | Killed a skeletal warrior
 11938 | D:11     | Killed a skeletal warrior
 11938 | D:11     | Received a gift from Okawaru
 12148 | D:11     | Noticed a skeletal warrior
 12161 | D:11     | Killed a skeletal warrior
 12245 | D:11     | Found Cuesuymp's Weapon Emporium.
 12441 | D:12     | Found a deep blue altar of Sif Muna.
 13197 | D:13     | Noticed a centaur warrior
 13204 | D:13     | Killed a centaur warrior
 13216 | D:13     | Reached skill level 5 in Shields
 13230 | D:13     | Reached XP level 13. HP: 77/98 MP: 13/13
 13237 | D:13     | Noticed loralnil's ghost (journeyman MiFi)
 13597 | Orc:1    | Entered Level 1 of the Orcish Mines
 13638 | Orc:1    | Noticed Urug
 13651 | Orc:1    | Killed Urug
 13651 | Orc:1    | Reached ****** piety under Okawaru
 14016 | Orc:1    | Reached skill level 17 in Long Blades
 14406 | Orc:1    | Found a roughly hewn altar of Beogh.
 14469 | Orc:1    | Received a gift from Okawaru
 14472 | Orc:1    | Got a pair of warped boots {god gift}
 14727 | Orc:1    | Identified the +0 pair of boots of the Sailor {rF+ MR- Str+3 Int+3} (Okawaru gifted it to you on level 1 of the Orcish Mines)
 14893 | Orc:1    | Noticed an orc warlord
 14903 | Orc:1    | Killed an orc warlord
 14903 | Orc:1    | Killed from afar by an orc priest

Skill      XL: |  1  2  3  4  5  6  7  8  9 10 11 12 13 |
---------------+----------------------------------------+-----
Long Blades    | 3 4 5 7 8 11 12 15 16 17 | 17.3
Armour         | 4 6 8 9 |  9.0
Fighting       | 4 6 8 9 |  9.2
Shields        | 5 6 |  6.7

Action                   |  1- 3 |  4- 6 |  7- 9 | 10-12 | 13-15 || total
-------------------------+-------+-------+-------+-------+-------++-------
Melee: Long sword        |   156 |   154 |   357 |   574 |       ||  1241
       Punch             |       |       |     2 |     2 |     1 ||     5
       Demon blade       |       |       |       |   131 |   228 ||   359
Throw: Javelin           |       |     6 |     6 |     2 |       ||    14
Invok: Heroism           |       |       |     2 |    11 |     1 ||    14
Evoke: Wand              |       |       |     5 |       |       ||     5
  Use: Potion            |       |     2 |       |     5 |     2 ||     9
       Scroll            |       |       |     4 |     8 |     2 ||    14
 Stab: Confused          |       |       |     2 |       |       ||     2
  Eat: Chunk             |     2 |     5 |    10 |    18 |     6 ||    41
       Fruit             |       |       |       |    10 |       ||    10
Armor: Scale mail        |    83 |    37 |       |       |       ||   120
       Quicksilver drago |       |    37 |   185 |   274 |    66 ||   562
Dodge: Dodged            |    71 |    74 |   195 |   231 |    67 ||   638
